 Dungeon Crawl Stone Soup version 0.26-a0-665-gefeb406119 (webtiles) character file.

Game seed: 7382601510819918586

156 somkeydreadnuts the Sneak (level 5, -6/43 HPs)
             Began as a Gnoll Brigand on Oct 15, 2020.
             Mangled by a phantom (9 damage)
             ... on level 4 of the Dungeon.
             The game lasted 00:10:25 (3204 turns).

somkeydreadnuts the Sneak (Gnoll Brigand)           Turns: 3204, Time: 00:10:26

Health: -6/43      AC:  3    Str: 13    XL:     5   Next: 38%
Magic:  7/7        EV: 13    Int: 14    God:
Gold:   95         SH:  0    Dex: 17    Spells: 6/6 levels left

rFire    . . .     SeeInvis .   a - +2 dagger
rCold    . . .     Faith    .   (no shield)
rNeg     . . .     Spirit   .   b - +0 robe
rPois    .         Reflect  .   (no helmet)
rElec    .         Harm     .   c - +0 cloak
rCorr    .         Rampage  .   (no gloves)
MR       .....                  (no boots)
Stlth    ++++......             (no amulet)
HPRegen  0.14/turn              (no ring)
MPRegen  0.10/turn              (no ring)

@: lethally poisoned (-6 -> -10)
A: distributed training, fangs 1, strong nose
a: no special abilities


You were on level 4 of the Dungeon.
You visited 1 branch of the dungeon, and saw 4 of its levels.

You collected 95 gold pieces.

Inventory:

Hand Weapons
 a - a +2 dagger (weapon)
 m - a cursed -2 hunting sling
Missiles
 d - 21 poisoned darts (quivered)
 e - 2 curare-tipped darts
 q - 20 arrows
Armour
 b - a +0 robe (worn)
 c - a +0 cloak (worn)
Scrolls
 f - a scroll of fog {unknown}
 h - a scroll of random uselessness {unknown}
 i - 2 scrolls of remove curse {unknown}
 j - 8 scrolls of teleportation {unknown}
 k - a scroll of enchant armour {unknown}
 n - a scroll of identify {unknown}
 r - a scroll of enchant weapon {unknown}
 s - a scroll of noise {unknown}
 t - 2 scrolls of amnesia {unknown}
Potions
 g - a potion of brilliance {unknown}
 l - 3 potions of stabbing {unknown}
 o - a potion of might {unknown}
 p - a potion of lignification {unknown}
 u - 2 potions of flight {unknown}


   Skills:
 + Level 4.8 Fighting
 + Level 4.8 Short Blades
 + Level 1.4 Long Blades
 + Level 1.4 Axes
 + Level 1.4 Maces & Flails
 + Level 1.4 Polearms
 + Level 1.4 Staves
 + Level 1.4 Slings
 + Level 1.4 Bows
 + Level 1.4 Crossbows
 + Level 4.8 Throwing
 + Level 1.4 Armour
 + Level 3.0 Dodging
 + Level 7.9 Stealth
 + Level 1.4 Shields
 + Level 1.4 Unarmed Combat
 + Level 1.4 Spellcasting
 + Level 1.1 Conjurations
 + Level 1.1 Hexes
 + Level 1.1 Summonings
 + Level 1.1 Necromancy
 + Level 1.1 Translocations
 + Level 1.1 Transmutations
 + Level 1.1 Fire Magic
 + Level 1.1 Ice Magic
 + Level 1.1 Air Magic
 + Level 1.1 Earth Magic
 + Level 1.1 Poison Magic
 + Level 1.6 Invocations
 + Level 1.4 Evocations


You had 6 spell levels left.
You didn't know any spells.
Your spell library contained the following spells:

 Spells                   Type           Power        Failure   Level
 Animate Skeleton         Necr           #.....       16%         1
 Pain                     Necr           #...         16%         1
 Vampiric Draining        Necr           #.........   43%         3
 Animate Dead             Necr           #.........   83%         4
 Agony                    Necr           #.......     99%         5


Dungeon Overview and Level Annotations

Branches:
Dungeon (4/15)
 Temple: D:4-7

Altars:
Ashenzari
Cheibriados
Elyvilon
Kikubaaqudgha
Makhleb
Sif Muna


Innate Abilities, Weirdness & Mutations

Your experience applies equally to all skills.
You have very sharp teeth.
Your uncanny sense of smell can sniff out nearby items.


Message History

You feel sick.
The phantom blinks!
You hear the slow hiss of a very distant avalanche of sand.
The worker ant bites you.
* * * LOW HITPOINT WARNING * * *
The phantom blinks!
You feel sick.
You are no longer poisoned.
The worker ant bites you.
* * * LOW HITPOINT WARNING * * *
You are poisoned.
The worker ant poisons you!
Found a fuming emerald potion.
You feel sick.
The phantom blinks!
The worker ant closely misses you.
You hit the phantom but do no damage. The phantom hits you.
* * * LOW HITPOINT WARNING * * *
The worker ant barely misses you.
You hit the phantom but do no damage.
* * * LOW HITPOINT WARNING * * *
You feel sick. The phantom hits you!
You die...

#........!.
#..........
##..........
#...........
#...........
##...........
#............
#....@W.....#
#...B......##
# #.........##
..###........#
.....#......##
.W#........##
###.....##
###.### #.#


You could see a phantom and a worker ant.

Vanquished Creatures
  A hound (D:2)
  An orc wizard (D:3)
  2 adders (D:2)
  An ooze (D:1)
  4 worms
  A dart slug (D:1)
  A leopard gecko (D:1)
  3 orcs (D:3)
  2 ball pythons
  5 hobgoblins
  7 jackals (D:1)
  A quokka (D:3)
  5 bats
  A frilled lizard (D:3)
  8 goblins
  6 kobolds (D:1)
  9 rats
58 creatures vanquished.

Notes
Turn   | Place    | Note
-------+----------+-------------------------------------------
     0 | D:1      | somkeydreadnuts the Gnoll Brigand began the quest for the
                  | Orb.
     0 | D:1      | Reached XP level 1. HP: 20/20 MP: 1/1
   320 | D:1      | Reached XP level 2. HP: 26/26 MP: 2/2
   599 | D:1      | Reached XP level 3. HP: 23/31 MP: 3/3
  1069 | D:1      | Reached skill level 1 in Invocations
  1262 | D:2      | Reached skill level 1 in Long Blades
  1262 | D:2      | Reached skill level 1 in Axes
  1262 | D:2      | Reached skill level 1 in Maces & Flails
  1262 | D:2      | Reached skill level 1 in Polearms
  1262 | D:2      | Reached skill level 1 in Staves
  1262 | D:2      | Reached skill level 1 in Slings
  1262 | D:2      | Reached skill level 1 in Bows
  1262 | D:2      | Reached skill level 1 in Crossbows
  1262 | D:2      | Reached skill level 1 in Armour
  1262 | D:2      | Reached skill level 1 in Shields
  1262 | D:2      | Reached skill level 1 in Unarmed Combat
  1262 | D:2      | Reached skill level 1 in Spellcasting
  1262 | D:2      | Reached skill level 1 in Evocations
  1451 | D:2      | Found a burning altar of Makhleb.
  1470 | D:2      | Reached XP level 4. HP: 26/38 MP: 5/5
  1592 | D:2      | Reached skill level 1 in Conjurations
  1592 | D:2      | Reached skill level 1 in Hexes
  1592 | D:2      | Reached skill level 1 in Summonings
  1592 | D:2      | Reached skill level 1 in Necromancy
  1592 | D:2      | Reached skill level 1 in Translocations
  1592 | D:2      | Reached skill level 1 in Transmutations
  1592 | D:2      | Reached skill level 1 in Fire Magic
  1592 | D:2      | Reached skill level 1 in Ice Magic
  1592 | D:2      | Reached skill level 1 in Air Magic
  1592 | D:2      | Reached skill level 1 in Earth Magic
  1592 | D:2      | Reached skill level 1 in Poison Magic
  1799 | D:2      | Found a snail-covered altar of Cheibriados.
  1800 | D:2      | Found an ancient bone altar of Kikubaaqudgha.
  1958 | D:2      | Found a white marble altar of Elyvilon.
  2377 | D:3      | Found a broken altar of Ashenzari.
  2477 | D:3      | Found a white marble altar of Elyvilon.
  2540 | D:3      | Reached XP level 5. HP: 36/43 MP: 5/7
  2548 | D:3      | Found a shimmering blue altar of Sif Muna.
  3190 | D:4      | Noticed a phantom
  3204 | D:4      | Mangled by a phantom

Illustrated notes

Levels and vault maps discovered:
D:1:      evilmike_arrival_rings, layout_basic, minmay_misc_feat_enclosed
D:2:      layout_loops_cross, gammafunk_temple_overflow_statue,
          nicolae_overflow_hidden_temple, makhleb_heckhound_becter
D:3:      layout_basic, evilmike_ruin_ashenzari, tgw_sif, chequers_arboretum,
          lemuel_statue_altar
D:4:      layout_cave_pods, minmay_temple_entry_glassed_door, serial_shops,
          kennysheep_mini, gup_ossuary_entry_pyramid, nicolae_underground_beach,
          uniq_blork_the_orc

Skill      XL: |  1  2  3  4  5 |
---------------+----------------+-----
Invocations    | 1 |  1.6
Long Blades    | 1 |  1.4
Axes           | 1 |  1.4
Maces & Flails | 1 |  1.4
Polearms       | 1 |  1.4
Staves         | 1 |  1.4
Slings         | 1 |  1.4
Bows           | 1 |  1.4
Crossbows      | 1 |  1.4
Armour         | 1 |  1.4
Shields        | 1 |  1.4
Unarmed Combat | 1 |  1.4
Spellcasting   | 1 |  1.4
Evocations     | 1 |  1.4
Conjurations   | 1 |  1.1
Hexes          | 1 |  1.1
Summonings     | 1 |  1.1
Necromancy     | 1 |  1.1
Translocations | 1 |  1.1
Transmutations | 1 |  1.1
Fire Magic     | 1 |  1.1
Ice Magic      | 1 |  1.1
Air Magic      | 1 |  1.1
Earth Magic    | 1 |  1.1
Poison Magic   | 1 |  1.1
Dodging        | 3 |  3.0
Fighting       | |  4.8
Short Blades   | |  4.8
Throwing       | |  4.8
Stealth        | |  7.9

Action                   |  1- 3 |  4- 6 || total
-------------------------+-------+-------++-------
Melee: Dagger            |   143 |    76 ||   219
       Bite              |    15 |     7 ||    22
Throw: Dart              |     4 |     8 ||    12
 Stab: Sleeping          |     6 |     6 ||    12
Armor: Robe              |    29 |    10 ||    39
Dodge: Dodged            |    86 |    45 ||   131

Table legend: (Time is in decaauts)
 A = Elapsed time spent in this place.
 B = Non-inter-level travel time spent in this place.
 C = Inter-level travel time spent in this place.
 D = Time resting spent in this place.
 E = Time spent auto-exploring this place.
 F = Levels seen in this place.
 G = Mean time per level.
                   A        B        C        D        E       F      G
               +--------+--------+--------+--------+--------+-----+--------+
         Total |   3150 |   3127 |     23 |      0 |   2156 |   4 |  787.5 |
       Dungeon |   3150 |   3127 |     23 |      0 |   2156 |   4 |  787.5 |
               +--------+--------+--------+--------+--------+-----+--------+

Top non-repeatable levels by time:
     D:2: 1210 daAuts
     D:1: 1094 daAuts
     D:3: 788 daAuts
     D:4: 57 daAuts
